 Dungeon Crawl Stone Soup version 0.25-a0-591-g2ad0d861f1 (webtiles) character file.

Game seed: 5843871491132500037, levelgen mode: deterministic

236 n0claF the Shooter (level 5, 0/45 HPs)
             Began as a Centaur Hunter on Mar 13, 2020.
             Slain by an ogre
             ... wielding a +0 giant club
              (22 damage)
             ... on level 4 of the Dungeon.
             The game lasted 00:13:52 (5610 turns).

n0claF the Shooter (Centaur Hunter)                 Turns: 5610, Time: 00:13:53

Health: 0/45       AC:  4    Str: 15    XL:     5   Next: 77%
Magic:  5/5        EV: 10    Int: 10    God:
Gold:   178        SH:  0    Dex: 10    Spells: 4/4 levels left

rFire    . . .     SeeInvis .   b - -3 hunting sling
rCold    . . .     Gourm    .   (no shield)
rNeg     . . .     Faith    .   c - +0 leather armour
rPois    .         Spirit   .   (no helmet)
rElec    .         Reflect  .   (no cloak)
rCorr    .         Harm     .   (no gloves)
MR       .....                  (no barding)
Stlth    +.........             (no amulet)
HPRegen  0.15/turn              (no ring)
MPRegen  0.09/turn              (no ring)

@: very quick
A: large, hooves 3, deformed body, speed 2, tough skin 3
a: no special abilities


You were on level 4 of the Dungeon.
You were not hungry.

You visited 1 branch of the dungeon, and saw 4 of its levels.

You collected 178 gold pieces.

Inventory:

Hand Weapons
 a - a +2 shortbow
 b - a -3 hunting sling (weapon)
   (You found it on level 1 of the Dungeon)
 h - a +0 short sword
Missiles
 d - 17 arrows
 i - 41 stones (quivered)
Armour
 c - a +0 leather armour (worn)
Scrolls
 g - 2 scrolls of identify {@r1}
 j - 2 scrolls of enchant weapon
 k - a scroll of noise {unknown}
 m - a scroll of teleportation {unknown}
 n - a scroll of fog {unknown}
 o - a scroll of random uselessness {unknown}
 q - a scroll of magic mapping {unknown}
Potions
 f - a potion of degeneration {unknown}
 l - a potion of lignification {!q}
 p - 2 potions of curing {unknown}
 r - a potion of magic {unknown}
Comestibles
 e - 5 rations {!d}


   Skills:
 + Level 3.4 Fighting
 * Level 7.6 Bows
 + Level 2.5 Dodging
 - Level 0.4 Stealth


You had 4 spell levels left.
You didn't know any spells.
Your spell library was empty.

Dungeon Overview and Level Annotations

Branches:
Dungeon (4/15)
 Temple: D:4-7

Altars:
Ru


Innate Abilities, Weirdness & Mutations

You have hooves in place of feet.
Armour fits poorly on your strangely shaped body.
You cover ground very quickly.
You have extremely tough skin. (AC +3)


Message History

The stone closely misses the orc wizard.
The orc wizard hits you with a +0 dagger.
The orc wizard casts a spell at you. The magic dart hits you!
* * * LOW HITPOINT WARNING * * *
The orc wizard hits you but does no damage.
The orc wizard casts a spell at you. The magic dart hits you.
* * * LOW HITPOINT WARNING * * *
Things that are here:
a +0 flail; a +0 short sword; an orc skeleton The orc wizard looks satisfied for a moment.
Things that are here:
a +0 hand axe; a +0 ring mail; an orc skeleton The orc wizard points at you and mumbles some strange words.
The magic dart hits you.
* * * LOW HITPOINT WARNING * * *
The orc wizard looks braver for a moment.
There is a stone staircase leading up here.
The orc wizard points at you and mumbles some strange words.
The puff of frost misses you.
You climb upwards.
There is a stone staircase leading down here.
You start resting.
All of the chunks of flesh in your inventory have rotted away.
You see here a club.
There is a stone staircase leading down here.
You climb downwards. 2 orcs, an orc priest and an orc wizard come into view.
The orc priest shouts!
The orc shouts! x2; You hear a shout!
The orc wizard closely misses you.
The orc hits you with a cursed -1 morningstar!
The orc wizard barely misses you.
An ogre comes into view. It is wielding a +0 giant club.
The orc priest hits you with a +0 short sword.
The orc hits you with a cursed -1 morningstar!
There is a stone staircase leading up, spattered with blood here.
The orc wizard hits you but does no damage.
The orc hits you but does no damage.
The orc priest hits you but does no damage.
You climb upwards.
There is a stone staircase leading down here.
The orc wizard gestures at you while chanting.
The magic dart hits you.
The orc priest looks braver for a moment.
The orc hits you with a +0 mace.
* * * LOW HITPOINT WARNING * * *
You climb downwards.
The ogre hits you with a +0 giant club!!
You die...

# ##.
##..
#..#
#..#
#O.#
#o@#
##.o#
##..#
#..#
#.#
#. #.
#.


You could see an ogre, an orc wizard and an orc.

Vanquished Creatures
  A bullfrog skeleton (D:4)
  An orc priest (D:4)
  2 orc wizards (D:3)
  A gnoll (D:2)
  3 adders
  An ooze (D:1)
  A worm (D:3)
  A leopard gecko (D:2)
  9 orcs
  A ball python (D:2)
  5 bats
  2 giant cockroaches
  7 goblins
  9 hobgoblins
  2 jackals (D:2)
  10 kobolds
  A quokka (D:2)
  6 frilled lizards
  7 rats
70 creatures vanquished.

Notes
Turn   | Place    | Note
-------+----------+-------------------------------------------
     0 | D:1      | n0claF the Centaur Hunter began the quest for the Orb.
     0 | D:1      | Reached XP level 1. HP: 17/17 MP: 1/1
    83 | D:1      | Reached XP level 2. HP: 10/24 MP: 2/2
  1560 | D:2      | Reached skill level 6 in Bows
  1607 | D:2      | Reached XP level 3. HP: 22/30 MP: 3/3
  1967 | D:2      | Found a sacrificial altar of Ru.
  3536 | D:3      | Reached XP level 4. HP: 32/37 MP: 4/4
  4279 | D:3      | Reached skill level 7 in Bows
  4279 | D:3      | Reached XP level 5. HP: 36/45 MP: 5/5
  5606 | D:4      | Noticed an ogre
  5610 | D:4      | Slain by an ogre

Levels and vault maps discovered:
D:1:      dpeg_arrival_water_altar, layout_basic, serial_corexii_hall,
          corexii_hall_statues_i, corexii_hall_statues_x
D:2:      minmay_chambers_of_twos, layout_basic, hangedman_ru_absence
D:3:      layout_basic, first_ration
D:4:      layout_layer_cave, hangedman_decor_lopped, minmay_misc_feat_nine_boxes

Skill      XL: |  1  2  3  4 |
---------------+-------------+-----
Bows           | 6 7 |  7.6
Dodging        | 2 |  2.5
Fighting       | 3 |  3.4
Stealth        | |  0.4

Action                   |  1- 3 |  4- 6 || total
-------------------------+-------+-------++-------
Melee: Short sword       |    14 |       ||    14
       Kick              |     4 |       ||     4
       Hunting sling     |     5 |       ||     5
 Fire: Shortbow          |    12 |    35 ||    47
       Hunting sling     |   286 |   145 ||   431
  Use: Scroll            |     3 |       ||     3
  Eat: Chunk             |     6 |     3 ||     9
       Ration            |       |     1 ||     1
Armor: Leather armour    |    77 |    27 ||   104
Dodge: Dodged            |    93 |    44 ||   137

Table legend:
 A = Non-vault XP
 B = Vault XP
 C = Vault XP percentage of total XP
 D = Non-vault monster count
 E = Vault monster count
 F = Vault count percentage of total count
                 A         B        C        D         E       F
            +---------+---------+-------+---------+---------+-------
      Total |     314 |      24 |   7.1 |      63 |       7 |  10.0
            +---------+---------+-------+---------+---------+-------
        D:1 |      28 |       0 |   0.0 |      13 |       0 |   0.0
        D:2 |      27 |      24 |  47.1 |      17 |       7 |  29.2
        D:3 |     154 |       0 |   0.0 |      28 |       0 |   0.0
        D:4 |     105 |       0 |   0.0 |       5 |       0 |   0.0
            +---------+---------+-------+---------+---------+-------
